 Dungeon Crawl Stone Soup version 0.23.2-11-gf996548c65 (webtiles) character file.

Game seed: 10786669374048907916

469 BorisKarlOrff the Poker (level 6, 0/56 HPs)
             Began as a Minotaur Chaos Knight on June 4, 2019.
             Was a Plaything of Xom.
             Slain by an iron imp (2 damage)
             ... summoned by Xom
             ... on level 5 of the Dungeon.
             The game lasted 00:12:05 (3464 turns).

BorisKarlOrff the Poker (Minotaur Chaos Knight)     Turns: 3464, Time: 00:12:07

Health: 0/56       AC:  3    Str: 14    XL:     6   Next: 82%
Magic:  0/5        EV: 13    Int:  9    God:    Xom [*.....]
Gold:   187        SH:  0    Dex: 12    Spells: 5/5 levels left

rFire    . . .     SeeInvis .   a - +0 spear (chaos)
rCold    . . .     Gourm    .   (no shield)
rNeg     . . .     Faith    .   f - +0 leather armour {rPois}
rPois    +         Spirit   +   (helmet restricted)
rElec    .         Reflect  .   (no cloak)
rCorr    .         Harm     .   (no gloves)
MR       .....                  (no boots)
Stlth    +.........             j - amulet of guardian spirit
HPRegen  0.18/turn              (no ring)
MPRegen  0.09/turn              (no ring)

@: no status effects
A: retaliatory headbutt, horns 2, weak 1
a: Renounce Religion


You were on level 5 of the Dungeon.
You worshipped Xom.
You were a special plaything of Xom.
You were not hungry.

You visited 1 branch of the dungeon, and saw 5 of its levels.

You collected 187 gold pieces.

Inventory:

Hand Weapons
 a - a +0 spear of chaos (weapon)
Armour
 f - a +0 leather armour of poison resistance (worn)
Jewellery
 j - an amulet of guardian spirit (around neck)
Wands
 u - a wand of clouds (5)
Scrolls
 b - 2 scrolls of random uselessness {unknown}
 g - 5 scrolls of remove curse {unknown}
 h - a scroll of amnesia {unknown}
 i - 2 scrolls of blinking {unknown}
 n - 2 scrolls of fog
 p - a scroll of identify
 q - a scroll of teleportation {unknown}
 r - a scroll of magic mapping {unknown}
 s - 2 scrolls of enchant weapon {unknown}
 t - a scroll of enchant armour {unknown}
Potions
 d - 4 potions of cancellation
 e - 3 potions of curing
 k - a potion of lignification {unknown}
 l - a potion of magic {unknown}
 m - 2 potions of might {unknown}
 o - a potion of berserk rage {unknown}
Comestibles
 c - 4 rations


   Skills:
 + Level 5.3 Fighting
 + Level 6.4 Polearms
 + Level 4.4 Armour
 + Level 3.3 Dodging
 + Level 0.9 Stealth


You had 5 spell levels left.
You didn't know any spells.
Your spell library was empty.

Dungeon Overview and Level Annotations

Branches:
Dungeon (5/15)
 Temple: D:4-7

Altars:
Ashenzari
Hepliaklqana
Xom


Innate Abilities, Weirdness & Mutations

You reflexively headbutt those who attack you in melee.
You have a pair of horns on your head.
You are weak. (Str -2)


Message History

The orc wizard hits you with a +0 dagger.
* * * LOW HITPOINT WARNING * * *
The quasit closely misses you. x3; The adder skeleton misses you.
The iron imp hits you.
* * * LOW HITPOINT WARNING * * *
The orc wizard casts a spell.
The orc wizard blinks!
You completely miss the iron imp.
The iron imp is lightly wounded.
The quasit misses you. The quasit barely misses you. x2
The adder skeleton bites you.
* * * LOW HITPOINT WARNING * * *
You closely miss the iron imp. Your headbutt misses the iron imp.
The iron imp is lightly wounded.
The quasit bites you but does no damage.
The quasit claws you.
* * * LOW HITPOINT WARNING * * *
The quasit closely misses you. The iron imp hits you.
You die...
Xom guffaws!

######### ###
#..o.ยง@.# #..
#.##.55Z# #.#
......5.# #.#
#.#.....####.#### #
#........)......# .#
.........)#[..#.##.#
#...................#
........####......###
.###... ##......####.


You could see an iron imp, an orc wizard, a quasit, a shadow imp and an adder
skeleton.

Vanquished Creatures
  Duvessa (D:4)
  A bullfrog (D:4)
  2 orc priests
  A bullfrog skeleton (D:5)
  An orc wizard (D:4)
  Robin (D:2)
  3 gnolls (D:2)
  4 adders
  An adder skeleton (D:3)
  4 worms
  A dart slug (D:1)
  2 leopard geckos
  22 orcs
  3 giant cockroaches
  9 goblins
  4 hobgoblins
  3 kobolds (D:1)
  A quokka (D:5)
  3 ball pythons
  4 bats (D:1)
  4 frilled lizards
  A jackal skeleton (D:4)
  6 rats
82 creatures vanquished.

Notes
Turn   | Place    | Note
-------+----------+-------------------------------------------
     0 | D:1      | BorisKarlOrff the Minotaur Chaos Knight began the quest for
                  | the Orb.
     0 | D:1      | Reached XP level 1. HP: 19/19 MP: 0/0
   113 | D:1      | Reached skill level 4 in Polearms
   152 | D:1      | XOM: divination: magic mapping
   172 | D:1      | Reached XP level 2. HP: 24/27 MP: 1/1
   214 | D:1      | XOM: smoke on damage
   229 | D:1      | XOM: give mutation
   229 | D:1      | Gained mutation: You are weak. (Str -2) [Xom's mischief]
   486 | D:1      | XOM: scenery: create altars
   740 | D:2      | Reached XP level 3. HP: 33/33 MP: 2/2
   745 | D:2      | XOM: potion effect (haste)
   800 | D:2      | Noticed Robin
   819 | D:2      | Killed Robin
   819 | D:2      | Reached XP level 4. HP: 4/41 MP: 3/3
  1165 | D:2      | XOM: scenery: 1 doors open, 1 doors close
  1288 | D:2      | Found a shattered altar of Ashenzari.
  1412 | D:2      | XOM: noise
  1802 | D:3      | Found a faded altar of an unknown god.
  1863 | D:3      | Reached skill level 5 in Polearms
  2211 | D:4      | Noticed Duvessa
  2211 | D:4      | Noticed Dowan
  2211 | D:4      | XOM: enchant monster (bad)
  2213 | D:4      | Noticed Dowan
  2213 | D:4      | Dowan changed into Dowan the bullfrog
  2245 | D:4      | Killed Duvessa
  2245 | D:4      | Reached XP level 5. HP: 21/47 MP: 1/4
  2248 | D:4      | Killed Dowan the bullfrog
  2248 | D:4      | Reached skill level 5 in Fighting
  2248 | D:4      | Reached XP level 6. HP: 6/56 MP: 0/5
  2357 | D:4      | Reached skill level 6 in Polearms
  2518 | D:4      | XOM: blink monster(s)
  2886 | D:5      | Entered Level 5 of the Dungeon
  2913 | D:5      | Found a hazy altar of Hepliaklqana.
  3159 | D:5      | XOM: 2-stop teleportation journey
  3448 | D:5      | XOM: summons 3 hostile demons
  3458 | D:5      | XOM: harmless Erth miscast
  3464 | D:5      | HP: 2/56 [quasit[Xom] (2)]
  3464 | D:5      | Slain by an iron imp

Skill      XL: |  1  2  3  4  5  6 |
---------------+-------------------+-----
Polearms       | 4 5 6 |  6.4
Fighting       | 4 5 |  5.3
Armour         | 3 4 |  4.4
Dodging        | 2 3 |  3.3
Stealth        | |  0.9

Action                   |  1- 3 |  4- 6 || total
-------------------------+-------+-------++-------
Melee: Spear             |    79 |   179 ||   258
       Headbutt          |     8 |    28 ||    36
  Use: Potion            |       |     6 ||     6
       Scroll            |       |     4 ||     4
  Eat: Ration            |       |     3 ||     3
Armor: Leather armour    |    26 |    34 ||    60
Dodge: Dodged            |    53 |    99 ||   152
